 Dungeon Crawl Stone Soup version 0.31-a0-182-gc5ef74bbde (webtiles) character file.

Game seed: 18086611485120148144

77 qw the Chopper (level 4, -3/28 HPs)
             Began as a Gargoyle Fighter on June 21, 2023.
             Slain by a gnoll
             ... wielding a +1 heavy halberd
              (18 damage)
             ... on level 4 of the Dungeon.
             The game lasted 00:01:21 (3298 turns).

qw the Chopper (Gargoyle Fighter)                   Turns: 3298, Time: 00:01:22

Health: -3/28      AC: 10    Str: 22    XL:     4   Next: 33%
Magic:  4/4        EV: 14    Int:  8    God:
Gold:   142        SH:  4    Dex:  9    Spells: 3/3 levels left

rFire   . . .        Y - +0 war axe
rCold   . . .        c - +0 buckler
rNeg    + . .        b - +0 scale mail
rPois   inf          (no helmet)
rElec   +            (no cloak)
rCorr   .            (no gloves)
SInv    .            (no boots)
Will    .....        (no amulet) Stlth
                     g - +5 ring of evasion
HPRegen 0.24/turn    (no ring)
MPRegen 0.09/turn

%: no passive effects
@: no status effects
A: sickness immunity, AC +3, negative energy resistance 1, electricity
resistance, torment resistance 1, petrification resistance
a: no special abilities


You were on level 4 of the Dungeon.
You visited 1 branch of the dungeon, and saw 4 of its levels.

You collected 142 gold pieces.


Innate Abilities, Weirdness & Mutations

You are immune to sickness and miasma.
Your stone body is resilient. (AC +3)
You are immune to poison.
You resist negative energy. (rN+)
You are resistant to electric shocks. (rElec)
You are resistant to unholy torment.
You are immune to petrification.


   Skills:
 - Level 3.2 Fighting
 + Level 4.0 Axes
 - Level 3.2 Armour
 - Level 3.2 Shields


You had 3 spell levels left.
You didn't know any spells.
Your spell library was empty.

Inventory:

Hand Weapons
 e - the +5 morningstar "Weshuluf" {drain, rF+ rC- Int+3 Dex+2}
   (You acquired it on level 2 of the Dungeon)

   Int:       It affects your intelligence (+3).
   Dex:       It affects your dexterity (+2).
   rF:        It protects you from fire.
   rC:        It makes you vulnerable to cold.
 k - a +0 mace
 Y - a +0 war axe (weapon)
Armour
 b - a +0 scale mail (worn)
 c - a +0 buckler (worn)
Jewellery
 g - a +5 ring of evasion (left hand)
Scrolls
 a - 2 scrolls of teleportation
 j - 2 scrolls of identify
Potions
 d - 2 potions of might
 f - a potion of lignification
 h - a potion of cancellation
 i - a potion of heal wounds {unknown}
 o - a potion of haste {unknown}
 p - a potion of curing {unknown}

Dungeon Overview and Level Annotations

Branches:
Dungeon (4/15)             Temple (0/1) D:4

Altars:
Kikubaaqudgha
Vehumet
Xom

Shops:
D:1 (   D:3 :


Message History

a +0 spear; a gnoll corpse A gnoll comes into view.
It is wielding a +0 halberd.
The gnoll shouts!
A gnoll comes into view. It is wielding a +0 spear.
The gnoll moves out of view.
A gnoll comes into view. It is wielding a +1 heavy halberd.
You see here a +0 ring mail.
Enter note:
Enter note:
Found a staircase to the Ecumenical Temple.
The gnoll shouts!
Enter note:
Enter note:
3293 ||| PLANNING TEMPLE The gnoll closely misses you.
Enter note:
Enter note: The gnoll misses you.
The gnoll hits you with a +1 heavy halberd.
The gnoll barely misses you.
Enter note:
Enter note: You barely miss the gnoll.
You hit the gnoll. The gnoll hits you but does no damage.
The gnoll hits you from afar with a +0 halberd.
The gnoll misses you.
You closely miss the gnoll.
The gnoll is lightly wounded.
You hit the gnoll but do no damage. You block the gnoll's attack.
The gnoll hits you from afar with a +0 halberd.
You block the gnoll's attack. The gnoll closely misses you.
The gnoll hits you but does no damage.
You barely miss the gnoll.
The gnoll is lightly wounded.
You hit the gnoll. The gnoll closely misses you. x2
The gnoll hits you with a +1 heavy halberd!!
Ouch! That really hurt!
You die...

#.....#.......#.........
#.....#.......#.........
#.....#.......#.........
#.....#)###'#####.##.##.
#...[.#...####.##'###
#.....#............#
#.....#............#
...#.....#............#
.......@.#............#
#...##gg.#............#
#...##gr.#............#
.........##+#####....##
..>....... #....#
..........# ......#
#...##....# ......#
...##....#


You could see 3 gnolls and a quokka.

Vanquished Creatures
  A gnoll (D:4)
  2 worms
  2 dart slugs (D:1)
  An orc (D:3)
  2 endoplasms
  3 giant cockroaches
  5 hobgoblins
  3 jackals (D:2)
  3 kobolds
  2 quokkas (D:2)
  6 ball pythons
  6 bats
  2 frilled lizards
  9 goblins
  5 rats
52 creatures vanquished.

Notes
Turn   | Place    | Note
-------+----------+-------------------------------------------
     0 | D:1      | qw the Gargoyle Fighter began the quest for the Orb.
     0 | D:1      | Reached XP level 1. HP: 14/14 MP: 1/1
     0 | D:1      | 0 ||| qw: Version: 0.3-a-9-g12657ce
     0 | D:1      | 0 ||| qw: Game counter: 1548
     0 | D:1      | 0 ||| qw: Always use a shield: true
     0 | D:1      | 0 ||| qw: God list: Okawaru
     0 | D:1      | 0 ||| qw: Allow faded altars: false
     0 | D:1      | 0 ||| qw: Do Orc after D:15 true
     0 | D:1      | 0 ||| qw: Do second Lair branch before Depths: true
     0 | D:1      | 0 ||| qw: Lair rune preference: random
     0 | D:1      | 0 ||| qw: Plans: Normal, Zot:1-4, Slime:5, God:TSO, Crypt,
                  | Tomb, Abyss, Pan, Hells, Win
     0 | D:1      | 0 ||| PLANNING D:1-11
   131 | D:1      | Found Kuefepus's Antique Weapon Emporium.
   133 | D:1      | 133 ||| SHOPLISTING glowing whip (126 gold, have 12).
   133 | D:1      | 133 ||| SHOPLISTING mace (69 gold, have 12).
   158 | D:1      | Reached skill level 2 in Axes
   171 | D:1      | Found a faded altar of an unknown god.
   218 | D:1      | Reached XP level 2. HP: 16/19 MP: 2/2
   401 | D:1      | 401 ||| Stepping ~*~*~tactically~*~*~ (stealth).
   758 | D:1      | 758 ||| Stepping ~*~*~tactically~*~*~ (hiding).
   933 | D:1      | Reached skill level 3 in Axes
   933 | D:1      | 933 ||| DROPPING +0 club.
   952 | D:1      | 952 ||| READING 2 scrolls labelled FUGOELIASO.
   956 | D:1      | 956 ||| READING scroll labelled YMYORCHA KEMU.
   993 | D:2      | 993 ||| STAIRDANCE
   996 | D:1      | Reached XP level 3. HP: 21/23 MP: 3/3
  1288 | D:2      | Identified the +1 robe "Bymaheuf" {rElec Regen+ Str+2}
  1944 | D:2      | 1944 ||| READING scroll labelled JOURUECONN.
  1945 | D:2      | 1945 ||| READING scroll labelled UGHOILE VIWK.
  1946 | D:2      | 1946 ||| READING scroll labelled FASKIMU PARR.
  1946 | D:2      | Identified a scroll of acquirement
  1946 | D:2      | 1946 ||| ACQUIRING +5 morningstar "Weshuluf" {drain, rF+
                  | rC- Int+3 Dex+2}
  1946 | D:2      | Acquired the +5 morningstar "Weshuluf" {drain, rF+ rC-
                  | Int+3 Dex+2}
  1948 | D:2      | 1948 ||| READING scroll labelled QEYNNAU VOZU.
  1949 | D:2      | 1949 ||| READING 3 scrolls of identify.
  1949 | D:2      | 1949 ||| IDENTIFYING bubbling green potion
  1950 | D:2      | 1950 ||| READING 2 scrolls of identify.
  1950 | D:2      | 1950 ||| IDENTIFYING fuming puce potion
  1951 | D:2      | 1951 ||| DROPPING potion of invisibility.
  2061 | D:3      | 2061 ||| Stepping ~*~*~tactically~*~*~ (stealth).
  2070 | D:3      | 2070 ||| Stepping ~*~*~tactically~*~*~ (stealth).
  2103 | D:3      | 2103 ||| FLEEEEING.
  2104 | D:3      | 2104 ||| FLEEEEING.
  2105 | D:3      | 2105 ||| FLEEEEING.
  2106 | D:3      | 2106 ||| FLEEEEING.
  2107 | D:3      | 2107 ||| FLEEEEING.
  2109 | D:3      | 2109 ||| FLEEEEING.
  2110 | D:3      | 2110 ||| FLEEEEING.
  2111 | D:3      | 2111 ||| FLEEEEING.
  2112 | D:3      | 2112 ||| FLEEEEING.
  2113 | D:3      | 2113 ||| FLEEEEING.
  2114 | D:3      | 2114 ||| FLEEEEING.
  2115 | D:3      | 2115 ||| FLEEEEING.
  2116 | D:3      | 2116 ||| FLEEEEING.
  2117 | D:3      | 2117 ||| FLEEEEING.
  2118 | D:3      | 2118 ||| FLEEEEING.
  2119 | D:3      | 2119 ||| FLEEEEING.
  2120 | D:3      | 2120 ||| FLEEEEING.
  2121 | D:3      | 2121 ||| FLEEEEING.
  2122 | D:3      | 2122 ||| FLEEEEING.
  2123 | D:3      | 2123 ||| FLEEEEING.
  2124 | D:3      | 2124 ||| FLEEEEING.
  2125 | D:3      | 2125 ||| FLEEEEING.
  2128 | D:3      | 2128 ||| FLEEEEING.
  2129 | D:3      | 2129 ||| FLEEEEING.
  2130 | D:3      | 2130 ||| FLEEEEING.
  2131 | D:3      | 2131 ||| FLEEEEING.
  2133 | D:3      | 2133 ||| FLEEEEING.
  2134 | D:3      | 2134 ||| FLEEEEING.
  2135 | D:3      | 2135 ||| FLEEEEING.
  2137 | D:3      | 2137 ||| STAIRDANCE
  2209 | D:3      | Reached XP level 4. HP: 18/28 MP: 4/4
  2324 | D:3      | Found Pomalo's Book Shoppe.
  2542 | D:3      | 2542 ||| Stepping ~*~*~tactically~*~*~ (hiding).
  2562 | D:3      | Found an ancient bone altar of Kikubaaqudgha.
  3009 | D:3      | Found a shimmering altar of Xom.
  3010 | D:3      | Found a radiant altar of Vehumet.
  3014 | D:3      | 3014 ||| UPGRADING to +5 ring of evasion.
  3015 | D:3      | 3015 ||| READING scroll labelled SAATWI AZXOYNT.
  3016 | D:3      | 3016 ||| READING 2 scrolls of identify.
  3016 | D:3      | 3016 ||| IDENTIFYING coppery potion
  3243 | D:4      | 3243 ||| Stepping ~*~*~tactically~*~*~ (hiding).
  3245 | D:4      | 3245 ||| Stepping ~*~*~tactically~*~*~ (hiding).
  3255 | D:4      | Reached skill level 4 in Axes
  3292 | D:4      | Found a staircase to the Ecumenical Temple.
  3293 | D:4      | 3293 ||| PLANNING TEMPLE
  3298 | D:4      | Slain by a gnoll

Levels and vault maps discovered:
D:1:      wander_arrival_estate, layout_loops_corners, serial_shops, shop,
          hellmonk_ecumenical_altar_heavens_door
D:2:      layout_basic, nicolae_titane
D:3:      layout_basic, gammafunk_temple_overflow_forgotten, serial_shops,
          nicolae_book_shop_shelving, grunt_decor_fettered
D:4:      layout_gridville, minmay_temple_entry_stoned_glass, serial_shops, shop

Skill      XL: |  1  2  3  4 |
---------------+-------------+-----
Axes           | 2 3 4 |  4.0
Fighting       | |  3.2
Armour         | |  3.2
Shields        | |  3.2

Action                     |  1- 3 |  4- 6 || total
---------------------------+-------+-------++-------
  Melee: War axe           |   155 |    29 ||   184
    Use: Scroll            |     8 |     2 ||    10
 Armour: Scale mail        |    78 |     9 ||    87
  Dodge: Dodged            |    71 |    21 ||    92
  Block: Buckler           |    21 |     7 ||    28

Table legend:
 A = Non-vault XP
 B = Vault XP
 C = Vault XP percentage of total XP
 D = Non-vault monster count
 E = Vault monster count
 F = Vault count percentage of total count
                 A         B        C        D         E       F
            +---------+---------+-------+---------+---------+-------
      Total |     110 |       0 |   0.0 |      52 |       0 |   0.0
            +---------+---------+-------+---------+---------+-------
        D:1 |      34 |       0 |   0.0 |      20 |       0 |   0.0
        D:2 |      35 |       0 |   0.0 |      18 |       0 |   0.0
        D:3 |      21 |       0 |   0.0 |       9 |       0 |   0.0
        D:4 |      20 |       0 |   0.0 |       5 |       0 |   0.0
            +---------+---------+-------+---------+---------+-------
